 Dungeon Crawl Stone Soup version 0.30-a0-799-g109b55a442 (webtiles) character file.

Game seed: 13098032459741201570

68 Pimp the Stinger (level 4, -2/27 HPs)
             Began as an Octopode Venom Mage on Feb 21, 2023.
             Slain by a goblin
             ... wielding a +0 dagger
             ... led by Robin
              (3 damage)
             ... on level 2 of the Dungeon.
             The game lasted 00:03:17 (1140 turns).

Pimp the Stinger (Octopode Venom Mage)              Turns: 1140, Time: 00:03:17

Health: -2/27      AC:  1    Str:  4 (7)  XL:     4   Next: 19%
Magic:  5/7        EV: 13    Int: 15 (17) God:
Gold:   74         SH:  0    Dex: 11 (14) Spells: 7/8 levels left

rFire   . . .      SeeInvis .    l - +1 dagger (protect)
rCold   . . .      Faith    .    (no shield)
rNeg    . . .      Spirit   .    (helmet restricted)
rPois   .          Reflect  .    (no amulet)
rElec   .          Harm     .    (no ring)
rCorr   .          Rampage  .    (no ring)
Will    .....                    (no ring)
Stlth   +++                      (no ring)
HPRegen 0.24/turn                (no ring)
MPRegen 0.10/turn                (no ring)
                                 (no ring)
                                 (no ring)

@: no status effects
A: almost no armour, amphibious, 8 rings, camouflage 1, gelatinous body 1,
(nimble swimmer 1), tentacles
a: no special abilities


You were on level 2 of the Dungeon.
You visited 1 branch of the dungeon, and saw 2 of its levels.

You collected 74 gold pieces.

Inventory:

Hand Weapons
 b - a +0 hand axe
 e - a +2 dagger of electrocution
 l - a +1 dagger of protection (weapon)
Jewellery
 q - a ring of willpower
Wands
 p - a wand of flame (22)
Scrolls
 c - 4 scrolls of teleportation {unknown}
 d - a scroll of identify
 f - 3 scrolls of enchant armour {unknown}
 i - a scroll of silence {unknown}
 j - a scroll of brand weapon
 k - 3 scrolls of poison {unknown}
 n - a scroll of fear {unknown}
 o - a scroll of amnesia {unknown}
Potions
 a - a potion of magic
 m - a potion of brilliance {unknown}


   Skills:
 + Level 2.5 Dodging
 + Level 3.7 Stealth
 + Level 2.5 Spellcasting
 + Level 1.8 Transmutations
 + Level 4.1 Poison Magic


You had 7 spell levels left.
You knew the following spells:

 Your Spells              Type           Power      Damage    Failure   Level
a - Sting                 Tmut/Pois      40%        1d5       6%          1

Your spell library contained the following spells:

 Spells                   Type           Power      Damage    Failure   Level
 Poisonous Vapours        Pois/Air       16%        N/A       14%         2
 Mephitic Cloud           Conj/Pois/Air  6%         N/A       34%         3
 Olgreb's Toxic Radiance  Pois           14%        N/A       36%         4
 Call Canine Familiar     Summ           1%         N/A       54%         3
 Portal Projectile        Hex/Tloc       2%         N/A       54%         3
 Leda's Liquefaction      Hex/Erth       0%         N/A       91%         4
 Summon Lightning Spire   Summ/Air       1%         N/A       91%         4
 Storm Form               Tmut/Air       2%         N/A       100%        7
 Maxwell's Capacitive Co  Air            0%         ∞         100%        8


Dungeon Overview and Level Annotations

Branches:
Dungeon (2/15)

Altars:

Shops:
D:1 ?   D:2 !


Innate Abilities, Weirdness & Mutations

You cannot wear most types of armour.
You are amphibious.
You can wear up to eight rings at the same time.
Your skin changes colour to match your surroundings (Stealth+).
Your rubbery body absorbs attacks. (AC +1, EV +1)
((You are camouflaged when in or above water. (Stealth+)))
You have tentacles for arms and can constrict up to eight enemies at once.


Message History

You constrict Robin. The goblin closely misses you.
Robin hits you with a +0 spear.
* * * LOW HITPOINT WARNING * * *
You hit Robin.
Robin looks as sick as possible!
You squeeze Robin.
Robin is heavily wounded.
You constrict Robin, but do no damage. The goblin hits you with a +0 dagger.
* * * LOW HITPOINT WARNING * * *
Robin struggles to escape constriction.
A gnoll comes into view. It is wielding a +0 halberd.
Okay, then.
It was a potion of heal wounds.
You feel much better.
You constrict Robin. The goblin closely misses you.
Robin hits you with a +0 spear.
It was a potion of degeneration.
There was something very wrong with that liquid.
You feel weakened.
You feel dopey.
You feel clumsy.
You constrict Robin, but do no damage. The goblin hits you with a +0 dagger.
Robin barely misses you.
A goblin comes into view. It is wielding a +0 club.
You release your grip on Robin.
The goblin hits you with a +0 dagger.
Robin roars a battlecry!
The goblins go into a battle-frenzy!
The goblin attacks as you move away! The goblin misses you.
Robin throws the goblin at you!
You hit the goblin.
The goblin is poisoned.
Your grab misses the goblin.
The goblin is heavily wounded.
You kill Robin!
The goblin hits you with a +0 dagger. The goblin hits you with a +0 club.
* * * LOW HITPOINT WARNING * * *
You have reached level 4!
You barely miss the goblin. Your grab misses the goblin.
Your squeeze misses the goblin.
You kill the goblin!
The goblin hits you with a +0 dagger.
* * * LOW HITPOINT WARNING * * *
As you read the scroll labelled USUAS UDWIPSU, it crumbles to dust.
It is a scroll of brand weapon.
Your +1 dagger of venom projects an invisible shield of force!
l - a +1 dagger of protection (weapon)
The goblin hits you with a +0 dagger.
You die...

##.##....##.##.########..#.#
#..######..#..# #..###
##........##.## #..#
###....###..# #..#
.######$..## #..#
...g)g)gg####### #...
#.###.##gg.....~ ...# #
#g##.#P♣~ #@# # #)# #.# #.#
#.# #.# #.# #.# #.#
.♣♣♣♣♣♣♣♣ #.#


You could see a gnoll, a hobgoblin (strong) and 3 goblins.

Vanquished Creatures
  Robin (D:2)
  A gnoll (D:2)
  An adder (D:2)
  3 endoplasms (D:1)
  4 giant cockroaches
  7 goblins
  2 hobgoblins (D:2)
  4 kobolds
  2 quokkas (D:1)
  A ball python (D:2)
  5 bats
  4 frilled lizards
  3 rats
38 creatures vanquished.

Vanquished Creatures (others)
  22 plants (D:2)
22 creatures vanquished.

Grand Total: 60 creatures vanquished

Notes
Turn   | Place    | Note
-------+----------+-------------------------------------------
     0 | D:1      | Pimp the Octopode Venom Mage began the quest for the Orb.
     0 | D:1      | Reached XP level 1. HP: 11/11 MP: 3/3
    75 | D:1      | Found Fehor Coc's Magic Scroll Boutique.
   220 | D:1      | Reached XP level 2. HP: 15/17 MP: 5/5
   370 | D:1      | Found a faded altar of an unknown god.
   907 | D:2      | Reached XP level 3. HP: 20/21 MP: 6/6
   953 | D:2      | Found Zynuf's Distillery.
  1016 | D:2      | Reached skill level 4 in Poison Magic
  1121 | D:2      | Noticed Robin
  1138 | D:2      | Killed Robin
  1139 | D:2      | Reached XP level 4. HP: 7/27 MP: 5/7
  1139 | D:2      | HP: 1/27 [goblin/+0 dagger[Robin] (6)]
  1140 | D:2      | Slain by a goblin

Illustrated notes

Levels and vault maps discovered:
D:1:      dpeg_arrival_fog, layout_loops_ring, serial_shops, nicolae_shop_stone,
          hellmonk_ecumenical_altar_crossroads, minmay_split_cup_large
D:2:      layout_loops_ring, serial_bayou, serial_bayou_shore_a,
          serial_bayou_pond_b, serial_bayou_pond_c, serial_bayou_pond_c,
          serial_bayou_pond_d, serial_bayou_ford_a, serial_shops,
          nicolae_shop_temple_entry_statues_fountains,
          minmay_randomly_rotated_circles, uniq_robin

Skill      XL: |  1  2  3 |
---------------+----------+-----
Stealth        | 3 |  3.7
Poison Magic   | 4 |  4.1
Dodging        | |  2.5
Spellcasting   | |  2.5
Transmutations | |  1.8

Action                     |  1- 3 |  4- 6 || total
---------------------------+-------+-------++-------
  Melee: Dagger            |    55 |     1 ||    56
         Unarmed           |     5 |       ||     5
         Constrict         |    16 |       ||    16
         Tentacles         |    13 |       ||    13
         Hand axe          |     1 |       ||     1
         Punch             |     1 |       ||     1
   Cast: Sting             |     6 |       ||     6
    Use: Scroll            |     2 |     1 ||     3
         Potion            |     2 |       ||     2
   Stab: Sleeping          |     6 |       ||     6
 Armour: Skin              |    11 |       ||    11
  Dodge: Dodged            |    52 |       ||    52

Table legend: (Time is in decaauts)
 A = Elapsed time spent in this place.
 B = Non-inter-level travel time spent in this place.
 C = Inter-level travel time spent in this place.
 D = Time resting spent in this place.
 E = Time spent auto-exploring this place.
 F = Levels seen in this place.
 G = Mean time per level.
                   A        B        C        D        E       F      G
               +--------+--------+--------+--------+--------+-----+--------+
         Total |   1138 |   1072 |     66 |     37 |    759 |   2 |  569.0 |
       Dungeon |   1138 |   1072 |     66 |     37 |    759 |   2 |  569.0 |
               +--------+--------+--------+--------+--------+-----+--------+

Top non-repeatable levels by time:
     D:1: 812 daAuts
     D:2: 326 daAuts
